Map: Abyssal Reef LE

Players

Kolohe

  • Race: Protoss Protoss
  • League: Platinum
  • Spawn Location: 11:00

eXile - Winner!

  • Race: Zerg Zerg
  • League: Platinum
  • Spawn Location: 5:00

VOD

Have the link to the VOD?

Description

Time

  • Played on: May 29, 2017, 6:35 p.m.
  • Length: 11:20
Show
View Real Time Build Order
Export as new Build Order

Kolohe Protoss 

Build Orders: Blink Stalkers, Zealot Archon 

Get SALT Encoding   

  12  0:01  Probe (Chrono Boost)  
  13  0:11  Probe (Chrono Boost)  
  14  0:18  Pylon  
  14  0:22  Probe (Chrono Boost)  
  15  0:37  Probe (Chrono Boost)  
  15  0:38  Gateway  
  16  0:47  Assimilator, Probe (Chrono Boost)  
  17  0:56  Assimilator  
  17  0:58  Probe (Chrono Boost)  
  18  1:08  Probe (Chrono Boost)  
  19  1:19  Gateway  
  19  1:24  Probe (Chrono Boost)  
  20  1:27  Cybernetics Core  
  20  1:34  Probe (Chrono Boost)  
  20  1:37  Pylon  
  21  1:45  Probe (Chrono Boost)  
  22  1:51  Warp Gate  
  22  1:55  Probe (Chrono Boost)  
  23  2:14  Adept x2  
  23  2:15  Mothership Core (Chrono Boost)  
  29  2:25  Twilight Council  
  29  2:33  Pylon  
  29  2:38  Gateway  
  29  2:50  Blink  
  29  3:03  Gateway  
  29  3:16  Pylon  
  28  3:32  Probe (Chrono Boost)  
  29  4:00  Pylon  
  29  4:18  Stalker x2  
  29  4:19  Stalker x2  
  29  4:44  Zealot  
  29  4:45  Zealot x3  
  32  5:04  Nexus  
  32  5:06  Pylon  
  30  5:17  Zealot x3  
  30  5:18  Zealot  
  32  5:37  Zealot  
  32  5:39  Zealot  
  36  5:46  Charge  
  35  6:05  Probe (Chrono Boost)  
  35  6:17  Probe (Chrono Boost)  
  36  6:23  Templar Archives  
  36  6:25  Stalker  
  38  6:29  Probe (Chrono Boost)  
  38  6:30  Sentry  
  41  6:36  Probe (Chrono Boost)  
  43  6:41  Probe (Chrono Boost)  
  43  6:46  Probe (Chrono Boost)  
  44  6:52  Forge  
  44  6:53  Probe (Chrono Boost)  
  45  6:57  Probe (Chrono Boost)  
  45  7:00  High Templar  
  45  7:01  High Templar  
  50  7:05  Probe (Chrono Boost)  
  50  7:06  Assimilator  
  50  7:07  Archon  
  51  7:12  Assimilator, Probe (Chrono Boost)  
  51  7:15  Protoss Ground Weapons Level 1  
  52  7:17  Probe (Chrono Boost)  
  53  7:23  Probe (Chrono Boost)  
  53  7:29  Probe (Chrono Boost)  
  55  7:30  Pylon  
  55  7:34  High Templar  
  55  7:35  High Templar  
  59  7:38  Probe (Chrono Boost)  
  59  7:40  Archon  
  60  7:49  Probe (Chrono Boost)  
  60  7:51  Probe (Chrono Boost)  
  62  7:54  Psionic Storm  
  62  8:00  Probe (Chrono Boost)  
  62  8:03  Probe (Chrono Boost)  
  64  8:12  Probe (Chrono Boost)  
  65  8:15  Probe (Chrono Boost)  
  66  8:20  Pylon  
  66  8:26  Probe (Chrono Boost)  
  67  8:29  High Templar x2  
  67  8:31  Zealot x2  
  75  8:34  Archon  
  75  8:41  Gateway  
  75  8:45  Gateway  
  75  8:46  Gateway  
  75  8:52  Gateway  
  75  8:55  Protoss Shields Level 1  
  75  8:56  Gateway  
  75  8:58  Pylon  
  75  9:00  Pylon  
  75  9:09  High Templar  
  77  9:11  High Templar  
  77  9:15  High Templar  
  77  9:16  Zealot  
  83  9:21  Pylon  
  83  9:24  Forge  
  83  9:59  Pylon  
  58  10:29  Zealot x2  
  58  10:30  Zealot x3  
  58  10:31  Zealot x2  
  70  10:49  Archon  
  66  10:53  Stalker  
  66  10:54  Stalker x3  
  66  10:55  Stalker  
Show
View Real Time Build Order
Export as new Build Order

eXile Zerg - Winner!

Build Orders: Hatch First 

Get SALT Encoding   

  12  0:01  Drone  
  13  0:14  Overlord  
  13  0:18  Drone  
  14  0:32  Drone x2  
  16  0:37  Drone  
  17  0:55  Hatchery  
  16  0:58  Drone  
  16  1:02  Extractor  
  16  1:03  Drone  
  17  1:18  Drone  
  18  1:29  Drone  
  18  1:30  Drone  
  20  1:41  Spawning Pool  
  20  1:44  Overlord  
  19  2:02  Drone x2  
  21  2:11  Drone  
  22  2:24  Drone x3  
  25  2:38  Drone x2  
  25  2:40  Hatchery  
  26  2:49  Zergling x4  
  26  2:50  Metabolic Boost, Zergling x2  
  29  2:54  Queen  
  29  2:55  Queen  
  33  3:07  Zergling x6  
  36  3:28  Overlord x2  
  36  3:30  Pneumatized Carapace  
  36  3:42  Spine Crawler  
  36  3:46  Queen  
  37  4:02  Zergling x8  
  41  4:03  Zergling x6  
  44  4:28  Drone x2  
  44  4:29  Drone x7  
  48  4:43  Zergling x2  
  48  4:44  Zergling x8  
  52  4:52  Zergling x6  
  55  5:06  Zergling x6  
  56  5:10  Zergling x2  
  56  5:11  Zergling x2  
  53  5:16  Drone  
  53  5:20  Extractor, Lair  
  53  5:23  Drone x3, Extractor  
  53  5:24  Extractor  
  47  5:54  Drone x7  
  47  5:55  Drone  
  54  6:16  Zergling x8  
  58  6:22  Spire  
  58  6:25  Overlord x2  
  57  6:32  Overlord x2  
  57  6:43  Queen x2  
  61  6:50  Queen  
  63  6:55  Extractor  
  63  6:56  Zergling x2, Extractor  
  63  6:57  Zergling x16  
  70  7:10  Drone x6  
  76  7:18  Queen  
  78  7:30  Overlord x2  
  78  7:43  Mutalisk  
  78  7:44  Mutalisk x5  
  78  7:47  Spine Crawler  
  78  7:49  Drone  
  78  7:50  Drone x2  
  92  8:10  Zerg Flyer Weapons Level 1, Mutalisk  
  92  8:11  Mutalisk x6  
  106  8:13  Overlord x3  
  106  8:17  Overseer  
  106  8:18  Overseer  
  106  8:38  Mutalisk  
  106  8:39  Mutalisk x4  
  116  8:49  Queen  
  118  9:22  Infestation Pit  
  117  9:26  Drone  
  117  9:27  Drone x2, Evolution Chamber x2  
  118  9:54  Hydralisk Den  
  117  10:08  Swarm Host  
  117  10:10  Overlord x5  
  117  10:11  Overlord x3  
  113  10:31  Hydralisk x2  
  113  10:32  Hydralisk x21  
Tags
 
Add a new tag
Caveats
  • Supply blocks, unpowered buildings, or Contaminate may cause inaccurate times.
  • Supply counts are checked every 10 seconds.